 Dungeon Crawl Stone Soup version 0.29-a0-577-gafbf2c5d25 (webtiles) character file.

Game seed: 16690382464896059531

56 DocClef the Sneak (level 3, 0/31 HPs)
             Began as a Draconian Delver on June 13, 2022.
             Succumbed to a scorpion's poison
             ... on level 5 of the Dungeon.
             The game lasted 00:00:20 (149 turns).

DocClef the Sneak (Draconian Delver)                 Turns: 149, Time: 00:00:20

Health: 0/31       AC:  5    Str: 14    XL:     3   Next: 69%
Magic:  3/3        EV: 12    Int: 10    God:
Gold:   7          SH:  0    Dex: 14    Spells: 2/2 levels left

rFire   . . .      SeeInvis .   a - +0 short sword
rCold   . . .      Faith    .   (no shield)
rNeg    . . .      Spirit   .   (body armour unavailable)
rPois   .          Reflect  .   (helmet restricted)
rElec   .          Harm     .   (no cloak)
rCorr   .          Rampage  .   (no gloves)
Will    .....                   (no boots)
Stlth   +++.......              (no amulet)
HPRegen 0.10/turn               (no ring)
MPRegen 0.08/turn               (no ring)

@: lethally poisoned (0 -> -8)
A: AC +5, unfitting armour, cold-blooded
a: no special abilities


You were on level 5 of the Dungeon.
You visited 1 branch of the dungeon, and saw 2 of its levels.

You collected 7 gold pieces.

Inventory:

Hand Weapons
 a - a +0 short sword (weapon)
Wands
 f - a wand of digging (3)
Scrolls
 b - a scroll of fog
 c - a scroll of magic mapping
 d - 2 scrolls of fear
 g - a scroll of vulnerability {unknown}
Potions
 e - a potion of haste


   Skills:
 + Level 3.6 Fighting
 + Level 2.3 Short Blades
 + Level 1.9 Dodging
 + Level 5.4 Stealth


You had 2 spell levels left.
You didn't know any spells.
Your spell library was empty.

Dungeon Overview and Level Annotations

Branches:
Dungeon (6/15)
 Temple: D:4-7

Altars:

Annotations:
D:5 Blork the orc
D:6 Menkaure


Innate Abilities, Weirdness & Mutations

Your plain brown scales are hard. (AC +5)
You cannot fit into any form of body armour.
You are cold-blooded and may be slowed by cold attacks.


Message History

Blork the orc is nearby!
Blork the orc is nearby!
There is a stone staircase leading down here.
You climb downwards.
There is a stone staircase leading up here.
Menkaure shouts!
You climb upwards.
Level annotation: Blork the orc
There is a stone staircase leading down here.
An ice beast comes into view.
A hound comes into view.
A white imp comes into view.
The white imp shouts, "Turn tail, thou villainous rude-growing barnacle!"
The white imp disappears for a moment.
An adder comes into view.
A scorpion comes into view.
Found a runed dagger.
You hit the scorpion but do no damage. The scorpion closely misses you.
You hit the scorpion but do no damage.
The scorpion stings you but does no damage.
The scorpion stings you.
A centaur comes into view.
The scorpion closely misses you. The scorpion attacks as you move away!
The scorpion stings you.
You are poisoned.
The scorpion poisons you!
Found a scroll labelled SYISCH CY XIE.
You feel very sick. The white imp gestures at you. The puff of frost hits you.
You barely miss the adder.
You feel very sick. The adder closely misses you.
The scorpion stings you but does no damage.
The white imp gestures at you. The puff of frost hits you!
* * * LOW HITPOINT WARNING * * *
The adder barely misses you. The scorpion attacks as you move away!
The scorpion stings you.
* * * LOW HITPOINT WARNING * * *
You die...

#...# ##Y.. #.>. #...
############ #...
...........##########...
...........##...........
..............5.........
.......@.sY.............
....)..S................
.?.........##...........
...........##...........
...........##...........
...........##...........
...........##...........
......c....# ##########
..........#


You could see an ice beast, a centaur (asleep), a scorpion, an adder and a white
imp.

Vanquished Creatures
  A scorpion (D:5)
1 creature vanquished.

Notes
Turn   | Place    | Note
-------+----------+-------------------------------------------
     0 | D:5      | DocClef the Draconian Delver began the quest for the Orb.
     0 | D:5      | Reached XP level 1. HP: 19/19 MP: 1/1
     1 | D:5      | Noticed a scorpion
     9 | D:5      | Killed a scorpion
    10 | D:5      | Reached skill level 5 in Stealth
    10 | D:5      | Reached XP level 2. HP: 19/26 MP: 2/2
    10 | D:5      | Reached XP level 3. HP: 23/31 MP: 3/3
   105 | D:5      | Noticed Blork the orc
   119 | D:6      | Noticed Menkaure
   123 | D:5      | Noticed an ice beast
   141 | D:5      | Noticed a scorpion
   145 | D:5      | Noticed a centaur
   149 | D:5      | Succumbed to a scorpion's poison

Illustrated notes

Levels and vault maps discovered:
D:5:      layout_basic, lemuel_round_altar, roderic_batcave, uniq_blork_the_orc
D:6:      cheibrodos_fertilizer, layout_cave_pools,
          minmay_temple_entry_sparse_star, ebering_ghost_reflecting_pool,
          minmay_fire_ice_demons, uniq_menkaure, uniq_eustachio

Skill      XL: |  1 |
---------------+----+-----
Stealth        | 5 |  5.4
Fighting       | |  3.6
Short Blades   | |  2.3
Dodging        | |  1.9

Action                   || total
-------------------------++-------
Melee: Short sword       ||     5
       Punch             ||     1
 Stab: Sleeping          ||     1
Armor: Skin              ||     2
Dodge: Dodged            ||     4

Table legend: (Time is in decaauts)
 A = Elapsed time spent in this place.
 B = Non-inter-level travel time spent in this place.
 C = Inter-level travel time spent in this place.
 D = Time resting spent in this place.
 E = Time spent auto-exploring this place.
 F = Levels seen in this place.
 G = Mean time per level.
                   A        B        C        D        E       F      G
               +--------+--------+--------+--------+--------+-----+--------+
         Total |    149 |    149 |      0 |      0 |     95 |   2 |   74.5 |
       Dungeon |    149 |    149 |      0 |      0 |     95 |   2 |   74.5 |
               +--------+--------+--------+--------+--------+-----+--------+

Top non-repeatable levels by time:
     D:5: 147 daAuts
     D:6: 1 daAuts
